 Dungeon Crawl Stone Soup version 0.28.0 (console) character file.

Game seed: 14854526608991679953

6930 isthmus the Thaumaturge (level 10, -4/74 HPs)
             Began as a Mummy Cinder Acolyte on Feb 12, 2022.
             Was a High Priest of Ignis.
             Slain by a cane toad (17 damage)
             ... on level 1 of the Lair of Beasts on Feb 13, 2022.
             The game lasted 00:56:06 (16235 turns).

isthmus the Thaumaturge (Mummy Cinder Acolyte)     Turns: 16235, Time: 00:56:06

Health: -4/74      AC: 10    Str: 18    XL:     10   Next: 80%
Magic:  11/25      EV: 11    Int: 17    God:    Ignis [*****.]
Gold:   264        SH:  0    Dex:  8    Spells: 5/31 levels left

rFire   . . .      SeeInvis +   a - -1 spear (flame)
rCold   + . .      Faith    .   (no shield)
rNeg    + + +      Spirit   .   w - +0 steam dragon scales
rPois   ∞          Reflect  .   (no helmet)
rElec   .          Harm     .   x - +2 cloak
rCorr   .          Rampage  .   g - +1 pair of gloves
Will    ++...                   (no boots)
Stlth   +.........              (no amulet)
HPRegen 0.22/turn               h - ring of willpower
MPRegen 0.19/turn               y - ring of see invisible

@: no status effects
A: cold resistance 1, negative energy resistance 3, torment resistance 2, heat
vulnerability 1, no potions
a: Renounce Religion, Fiery Armour, Foxfire Swarm, Rising Flame


You were on level 1 of the Lair of Beasts.
You worshipped Ignis.
Ignis was extremely pleased with you.
You visited 3 branches of the dungeon, and saw 11 of its levels.

You collected 511 gold pieces.
You spent 247 gold pieces at shops.

Inventory:

Hand Weapons
 a - a -1 spear of flaming (weapon)
 k - a +0 vorpal trident
 v - a +3 whip of venom
Missiles
 d - 158 stones
 e - 17 poisoned darts (quivered)
 l - a throwing net
 m - 5 atropa-tipped darts
 q - 2 boomerangs of dispersal
 r - a boomerang
Armour
 b - a +2 ring mail of cold resistance
 g - a +1 pair of gloves (worn)
 u - a +3 scale mail
 w - +0 steam dragon scales (worn)
 x - a +2 cloak (worn)
Jewellery
 h - a ring of willpower (left hand)
 y - a ring of see invisible (right hand)
Wands
 c - a wand of flame (20)
 n - a wand of polymorph (11)
Scrolls
 i - 6 scrolls of identify
 j - 3 scrolls of enchant armour
 o - 4 scrolls of teleportation
 p - 2 scrolls of holy word
 s - 2 scrolls of enchant weapon
 t - 3 scrolls of fog
Miscellaneous
 f - a piece from Xom's chessboard (15/15)


   Skills:
 * Level 5.0 Fighting
 - Level 3.1 Maces & Flails
 - Level 5.0 Polearms
 - Level 3.0 Armour
 * Level 11.0 Spellcasting
 - Level 4.0 Conjurations
 + Level 4.7 Hexes
 - Level 1.1 Necromancy
 + Level 0.7 Translocations
 + Level 4.5 Fire Magic
 - Level 2.3 Air Magic
 + Level 4.0 Poison Magic


You had 5 spell levels left.
You knew the following spells:

 Your Spells              Type           Power      Damage    Failure   Level
a - Scorch                Fire           50%        2d8       1%          2
b - Poisonous Vapours     Pois/Air       40%        N/A       3%          2
c - Mephitic Cloud        Conj/Pois/Air  21%        N/A       5%          3
d - Animate Skeleton      Necr           26%        N/A       4%          1
e - Magic Dart            Conj           92%        1d7       1%          1
f - Sticky Flame          Conj/Fire      24%        2d5       13%         4
i - Ignite Poison         Fire/Tmut/Pois 19%        N/A       7%          3
k - Tukima's Dance        Hex            25%        N/A       3%          3
t - Olgreb's Toxic Radia  Pois           23%        N/A       14%         4
z - Dazzling Flash        Conj/Hex       48%        N/A       3%          3

Your spell library contained the following spells:

 Spells                   Type           Power      Damage    Failure   Level
 Sting                    Tmut/Pois      64%        1d6       3%          1
 Confusing Touch          Hex            25%        N/A       3%          3
 Apportation              Tloc           24%        N/A       5%          1
 Summon Small Mammal      Summ           36%        N/A       8%          1
 Passage of Golubria      Tloc           12%        N/A       50%         4
 Animate Armour           Summ/Erth      18%        N/A       58%         4
 Yara's Violent Unravell  Hex/Tmut       8%         3d5       63%         5
 Freezing Cloud           Conj/Ice/Air   8%         6-21      65%         5
 Conjure Ball Lightning   Conj/Air       10%        3x3d6     97%         6
 Iron Shot                Conj/Erth      8%         9d3       99%         6
 Enfeeble                 Hex            12%        N/A       100%        7
 Fire Storm               Conj/Fire      12%        8d3       100%        9
 Blade Hands              Tmut           Unusable   N/A       N/A         5

Dungeon Overview and Level Annotations

Branches:
Dungeon (9/15)             Temple (1/1) D:4            Lair (1/6) D:9
    Orc: D:9-12

Altars:
Ashenzari
Hepliaklqana
Kikubaaqudgha
Nemelex Xobeh
Okawaru
Ru
Trog
Uskayaw
Vehumet
Wu Jian
Xom
Yredelemnul
The Shining One

Shops:
D:6 [

Annotations:
D:3 2 transporters, GrayStillPlays's ghost, amateur GnFi
D:5 !gargoyle


Innate Abilities, Weirdness & Mutations

You are immune to poison.
Your flesh is cold resistant. (rC+)
You are immune to negative energy. (rN+++)
You are immune to unholy pain and torment.
You are vulnerable to heat. (rF-)
You do not drink.


Message History

The cane toad is lightly wounded.
The cane toad's fire resistance burns away.
The cane toad stings you.
Casting: Scorch (safe; 1% risk of failure)
Confirm with . or Enter, or press ? or * to list all spells.
Flames lash the cane toad.
The cane toad is burned terribly!
The cane toad is moderately wounded.
The cane toad stings you!!
* * * LOW HITPOINT WARNING * * *
The cane toad is no longer blind.
Okay, then.
Unknown command.
Unknown command.
Unknown command.
Okay, then.
Unknown command.
Unknown command.
Unknown command.
Casting: Scorch (safe; 1% risk of failure)
Confirm with . or Enter, or press ? or * to list all spells.
Flames lash the cane toad.
The cane toad is burned terribly!
The cane toad is severely wounded.
The cane toad stings you but does no damage.
The cane toad closely misses you.
Casting: Scorch (safe; 1% risk of failure)
Confirm with . or Enter, or press ? or * to list all spells.
Flames lash the cane toad.
The cane toad is burned terribly!
The cane toad is almost dead.
The cane toad barely misses you.
Casting: Scorch (safe; 1% risk of failure)
Confirm with . or Enter, or press ? or * to list all spells.
Flames lash the cane toad but do no damage.
The cane toad stings you!
* * * LOW HITPOINT WARNING * * *
Casting: Scorch (safe; 1% risk of failure)
Confirm with . or Enter, or press ? or * to list all spells.
Flames lash the cane toad.
The cane toad is burned terribly!
The cane toad is almost dead.
The cane toad stings you!
You die...

...#P####+.##...#......
.................#P.#.#
.......................
.......................
.......................
...####'###............
. #.# ##.....###..#
###.####.....# .#
#....#.#.....# .
#......'.....#
+.......##..@..#
##.....##..F...#
###.#####.....# ##
#......# #......#
......... ...........
.............
..............


You could see a cane toad (combustible).

Vanquished Creatures
  A two-headed ogre (D:9)
  A deep elf zephyrmancer (D:9)
  A komodo dragon (Lair:1)
  2 kobold demonologists (D:9)
  Maggie (D:7)
  A hornet (D:7)
  A wraith (D:9)
  2 wyverns
  Eustachio (D:4)
  2 basilisks (D:9)
  Menkaure (D:4)
  4 water moccasins
  Duvessa (D:7)
  2 black bears
  A sky beast (D:6)
  A necrophage (D:6)
  2 ogres
  3 wolves (D:9)
  7 centaurs
  A kobold brigand (D:7)
  Blork the orc (D:6)
  A bullfrog (D:8)
  5 scorpions
  A wyvern zombie (D:8)
  A water moccasin zombie (D:5)
  Dowan (D:7)
  5 wights
  A howler monkey (D:8)
  2 bullfrog zombies
  A centaur zombie (D:9)
  3 hounds
  A jelly (D:6)
  2 orc priests
  A centaur skeleton (D:7)
  A scorpion zombie (D:5)
  4 iguanas
  6 orc wizards
  A killer bee zombie (D:6)
  2 howler monkey zombies
  13 gnolls
  2 howler monkey skeletons (D:6)
  9 adders
  2 white imps (D:7)
  An ufetubus (D:7)
  An adder skeleton (D:4)
  4 worms
  2 dart slugs
  31 orcs
  7 ball pythons
  12 endoplasms
  4 giant cockroaches
  9 goblins
  6 hobgoblins
  9 jackals
  17 kobolds
  5 bats
  6 rats
  2 butterflies (D:8)
218 creatures vanquished.

Vanquished Creatures (collateral kills)
  2 jackals (D:4)
  A ball python (D:4)
3 creatures vanquished.

Vanquished Creatures (others)
  2 fungi
  13 plants
15 creatures vanquished.

Grand Total: 236 creatures vanquished

Notes
Turn   | Place    | Note
-------+----------+-------------------------------------------
     0 | D:1      | isthmus the Mummy Cinder Acolyte began the quest for the
                  | Orb.
     0 | D:1      | Reached XP level 1. HP: 18/18 MP: 2/2
   122 | D:1      | Reached XP level 2. HP: 20/24 MP: 4/4
   206 | D:1      | Reached skill level 2 in Spellcasting
   776 | D:1      | Reached XP level 3. HP: 26/29 MP: 6/6
   913 | D:1      | Learned a level 2 spell: Scorch
  1905 | D:2      | Found a faded altar of an unknown god.
  2335 | D:3      | Reached XP level 4. HP: 35/35 MP: 8/8
  2408 | D:3      | Reached skill level 3 in Spellcasting
  2506 | D:3      | Found a hazy altar of Hepliaklqana.
  2556 | D:3      | Found a transporter.
  2702 | D:3      | Noticed GrayStillPlays's ghost (amateur GnFi)
  2704 | D:3      | Found a transporter.
  3291 | D:2      | Reached XP level 5. HP: 39/41 MP: 2/10
  3432 | D:3      | Found an iron altar of Okawaru.
  3756 | D:3      | Found a broken altar of Ashenzari.
  3760 | D:3      | Saw a vision of the Shoals and the Spider Nest.
  3760 | D:3      | Noticed a wolf spider
  3760 | D:3      | Noticed a wolf spider
  3760 | D:3      | Noticed a wind drake
  3760 | D:3      | Noticed a sea snake
  3760 | D:3      | Noticed a redback
  3760 | D:3      | Noticed a merfolk
  3760 | D:3      | Noticed a merfolk
  3761 | D:3      | Noticed a sea snake
  3762 | D:3      | Noticed a redback
  3764 | D:3      | Noticed a redback
  3789 | D:3      | Reached skill level 1 in Armour
  3883 | D:3      | Reached skill level 4 in Spellcasting
  4004 | D:3      | Found a basalt altar of Yredelemnul.
  4006 | D:3      | Noticed a profane servitor
  4220 | D:3      | Learned a level 3 spell: Tukima's Dance
  4225 | D:3      | Learned a level 4 spell: Passage of Golubria
  4284 | D:4      | Reached XP level 6. HP: 41/47 MP: 5/12
  4752 | D:4      | Noticed Menkaure
  4824 | D:4      | Learned a level 3 spell: Mephitic Cloud
  4826 | D:4      | Learned a level 1 spell: Animate Skeleton
  4989 | D:4      | Identified a scroll of acquirement
  4989 | D:4      | Acquired the Incunabulum of Attacks and the Arsonist
  4993 | D:4      | Learned a level 1 spell: Magic Dart
  5274 | D:4      | Noticed Eustachio
  5281 | D:4      | Killed Eustachio
  5282 | D:4      | Reached skill level 1 in Hexes
  5382 | D:4      | Found a staircase to the Ecumenical Temple.
  5428 | Temple   | Entered the Ecumenical Temple
  5458 | D:4      | Reached skill level 5 in Spellcasting
  5641 | D:4      | Killed Menkaure
  5642 | D:4      | Reached skill level 1 in Necromancy
  5642 | D:4      | Reached XP level 7. HP: 53/53 MP: 5/14
  5705 | D:5      | Entered Level 5 of the Dungeon
  5921 | D:4      | Reached skill level 1 in Conjurations
  6675 | D:5      | Found an ornate altar of the Wu Jian Council.
  6720 | D:5      | Found a bloodstained altar of Trog.
  6749 | D:5      | Reached skill level 6 in Spellcasting
  7209 | D:5      | Found a sacrificial altar of Ru.
  7249 | D:5      | Reached XP level 8. HP: 61/61 MP: 5/17
  7581 | D:6      | Learned a level 3 spell: Dazzling Flash
  7981 | D:6      | Reached skill level 7 in Spellcasting
  8151 | D:6      | Noticed a gargoyle
  8724 | D:6      | Found Ukhleil's Armour Shop.
  8747 | D:6      | Noticed Blork the orc
  8755 | D:6      | Killed Blork the orc
  8756 | D:6      | Reached skill level 1 in Poison Magic
  9108 | D:7      | Reached skill level 1 in Air Magic
  9129 | D:7      | Noticed Maggie
  9329 | D:7      | Noticed a +0 hand axe
  9329 | D:7      | Noticed a +0 hand axe
  9342 | D:6      | Reached skill level 5 in Fighting
  9662 | D:7      | Found a hide-covered altar of Uskayaw.
 10018 | D:7      | Reached XP level 9. HP: 57/68 MP: 11/20
 10127 | D:7      | Killed Maggie
 10276 | D:7      | Reached skill level 8 in Spellcasting
 10618 | D:7      | Noticed Duvessa
 10619 | D:7      | Noticed Dowan
 10657 | D:7      | Killed Duvessa
 10784 | D:7      | Killed Dowan
 11231 | D:7      | Found a sparkling altar of Nemelex Xobeh.
 11932 | D:7      | Reached skill level 5 in Polearms
 12399 | D:8      | Found an ancient bone altar of Kikubaaqudgha.
 12535 | D:8      | Found a radiant altar of Vehumet.
 12632 | D:8      | Learned a level 3 spell: Ignite Poison
 12637 | D:8      | Learned a level 4 spell: Olgreb's Toxic Radiance
 12653 | D:8      | Learned a level 4 spell: Sticky Flame
 12675 | D:8      | Reached skill level 9 in Spellcasting
 12999 | D:8      | Found a shimmering altar of Xom.
 13011 | D:8      | Reached skill level 1 in Maces & Flails
 13351 | D:8      | Learned a level 2 spell: Poisonous Vapours
 13612 | D:6      | Bought a +2 cloak for 247 gold pieces
 13703 | D:9      | Noticed a kobold demonologist
 13710 | D:9      | Noticed a sun demon
 13711 | D:9      | Noticed a hellwing
 13715 | D:9      | Noticed a red devil
 13716 | D:9      | Killed a kobold demonologist
 13743 | D:9      | Noticed a kobold demonologist
 13750 | D:9      | Noticed a soul eater
 13751 | D:9      | Killed a kobold demonologist
 13752 | D:9      | Reached XP level 10. HP: 67/74 MP: 0/23
 14261 | D:9      | Reached skill level 10 in Spellcasting
 14518 | D:9      | Noticed a two-headed ogre
 14549 | D:9      | Killed a two-headed ogre
 14776 | D:9      | Found a staircase to the Lair.
 15927 | D:9      | Noticed a deep elf zephyrmancer
 15936 | D:9      | Killed a deep elf zephyrmancer
 16104 | Lair:1   | Entered Level 1 of the Lair of Beasts
 16139 | Lair:1   | Reached skill level 11 in Spellcasting
 16147 | Lair:1   | Noticed a cane toad
 16235 | Lair:1   | Slain by a cane toad

Illustrated notes

Levels and vault maps discovered:
D:1:      wander_arrival_desolate, layout_rooms, st_stairs_3
D:2:      layout_loops_ring, hellmonk_ecumenical_altar_heavens_door
D:3:      layout_loops_ring, grunt_temple_overflow_holy_war, lemuel_tele_altar,
          grunt_ashenzari_visionary [grunt_ashenzari_visionary_shoals,
          grunt_ashenzari_visionary_spider], nzn_hepliaklqana_mist_gate,
          gammafunk_ghost_mausoleum
D:4:      layout_rooms, temple_hall, glass_columns_a, minmay_bent,
          uniq_menkaure, uniq_eustachio
D:5:      layout_loops_cross, trog_three_pillars_becter,
          mainiacjoe_overflow_big_doors, roderic_three_in_a_row,
          grunt_ministairs_15
D:6:      layout_loops_ring, serial_shops, shop, uniq_blork_the_orc
D:7:      layout_layer_cave, kennysheep_little_box, dancing_weapons_uskayaw,
          uniq_maggie, uniq_duvessa
D:8:      layout_gridville, nicolae_overflow_hidden_temple,
          vehumet_altar_wand_db, xom_butterflies
D:9:      layout_basic, minmay_lair_entry_grove, guppyfry_early_elven_hall
Temple:   corrupted_temple
Lair:1:   layout_regular_city, minivault_11

Skill      XL: |  1  2  3  4  5  6  7  8  9 10 |
---------------+-------------------------------+-----
Spellcasting   | 2 3 4 5 6 7 9 11 | 11.0
Polearms       | 3 4 5 |  5.0
Fire Magic     | 3 4 |  4.5
Armour         | 1 2 3 |  3.0
Hexes          | 1 2 3 4 |  4.7
Necromancy     | 1 |  1.1
Conjurations   | 2 3 4 |  4.0
Fighting       | 4 5 |  5.0
Poison Magic   | 1 3 4 |  4.0
Air Magic      | 1 2 |  2.3
Maces & Flails | 1 3 |  3.1
Translocations | |  0.7

Action                   |  1- 3 |  4- 6 |  7- 9 | 10-12 || total
-------------------------+-------+-------+-------+-------++-------
Melee: Spear             |    99 |   112 |    68 |     1 ||   280
       Punch             |     1 |       |     2 |       ||     3
       Trident           |       |     5 |       |       ||     5
       Whip              |       |       |    30 |     1 ||    31
       Dagger            |       |       |    22 |       ||    22
Throw: Dart              |     2 |       |       |       ||     2
 Cast: Scorch            |    22 |    85 |   195 |    55 ||   357
       Animate Skeleton  |       |     8 |     1 |       ||     9
       Magic Dart        |       |     4 |    24 |     4 ||    32
       Mephitic Cloud    |       |       |    23 |    19 ||    42
       Dazzling Flash    |       |       |     3 |     1 ||     4
       Poisonous Vapours |       |       |     8 |     4 ||    12
       Ignite Poison     |       |       |     2 |    17 ||    19
       Olgreb's Toxic Ra |       |       |       |     1 ||     1
Invok: Fiery Armour      |     1 |       |       |       ||     1
  Use: Scroll            |     4 |     3 |     5 |       ||    12
 Stab: Confused          |       |       |     2 |       ||     2
Armor: Leather armour    |    20 |    11 |       |       ||    31
       Ring mail         |       |    56 |    45 |       ||   101
       Steam dragon scal |       |       |    31 |    19 ||    50
Dodge: Dodged            |    43 |    69 |   123 |    26 ||   261
